 Dungeon Crawl Stone Soup version 0.26-a0-227-g1af32d979d (webtiles) character file.

Game seed: 7485231983615269735

162 BritishOli the Slasher (level 5, 0/41 HPs)
             Began as a Demonspawn Gladiator on July 7, 2020.
             Slain by a wight
             ... wielding a +4 battleaxe of freezing
              (6 damage)
             ... on level 4 of the Dungeon.
             The game lasted 00:02:04 (2511 turns).

BritishOli the Slasher (Demonspawn Gladiator)       Turns: 2511, Time: 00:02:05

Health: 0/41       AC:  9    Str: 16    XL:     5   Next: 19%
Magic:  5/5        EV: 10    Int:  9    God:
Gold:   245        SH:  0    Dex: 14    Spells: 4/4 levels left

rFire    . . .     SeeInvis .   a - +0 long sword
rCold    . . .     Faith    .   (no shield)
rNeg     . . .     Spirit   .   n - +0 scale mail
rPois    .         Reflect  .   c - +0 helmet
rElec    .         Harm     .   (no cloak)
rCorr    .                      (no gloves)
MR       .....                  (no boots)
Stlth    +.........             (no amulet)
HPRegen  0.13/turn              m - ring of stealth
MPRegen  0.09/turn              g - ring of wizardry

@: drained
A: yellow scales 1, spiny 2
a: no special abilities


You were on level 4 of the Dungeon.
You were not hungry.

You visited 1 branch of the dungeon, and saw 4 of its levels.

You collected 245 gold pieces.

Inventory:

Hand Weapons
 a - a +0 long sword (weapon)
Missiles
 d - 4 throwing nets (quivered)
Armour
 b - a +0 leather armour
 c - a +0 helmet (worn)
 n - a +0 scale mail (worn)
Jewellery
 g - a ring of wizardry (right hand)
 m - a ring of stealth (left hand)
 u - an uncursed amulet of guardian spirit {unknown}
Scrolls
 e - a scroll of fog {unknown}
 h - a scroll of random uselessness {unknown}
 j - 3 scrolls of enchant armour {unknown}
 k - 3 scrolls of remove curse {unknown}
 l - a scroll of teleportation {unknown}
 o - 4 scrolls of identify {unknown}
 p - 2 scrolls of fear {unknown}
 q - a scroll of amnesia {unknown}
Potions
 i - a potion of curing {unknown}
 r - a potion of brilliance {unknown}
 s - a potion of lignification {unknown}
 t - a potion of heal wounds {unknown}
Comestibles
 f - 11 rations


   Skills:
 + Level 3.1(2.2) Fighting
 + Level 3.5(2.6) Long Blades
 - Level 2.0(1.1) Throwing
 + Level 1.9(1.0) Armour
 + Level 3.5(2.6) Dodging


You had 4 spell levels left.
You didn't know any spells.
Your spell library was empty.

Dungeon Overview and Level Annotations

Branches:
Dungeon (4/15)             Temple (0/1) D:4

Altars:
Fedhas
Gozag
Uskayaw
Vehumet
Zin


Innate Abilities, Weirdness & Mutations

You are partially covered in yellow scales. (AC +2)
You are mostly covered in sharp spines.


Message History

The wight is struck by your spines. The wight hits you but does no damage.
There are monsters nearby!
You closely miss the wight.
The wight is moderately damaged.
The wight is struck by your spines. The wight barely misses you.
The wight is struck by your spines. The wight closely misses you.
There are monsters nearby!
You barely miss the wight.
The wight is severely damaged.
The wight hits you with a +0 scimitar.
You feel drained.
The wight hits you with a +4 battleaxe of freezing!
The wight freezes you. The wight barely misses you.
Unknown command.
The wight is struck by your spines. The wight closely misses you.
A wight comes into view. It is wielding a +0 mace.
You see here a leather armour.
The wight hits you with a +4 battleaxe of freezing!
* * * LOW HITPOINT WARNING * * *
You feel drained.
You die...

#### #..... #..#### #.....
### ##.....## #..#.#
##.###.......# ###..#..
##...##..##...###.......
###.....#....#..##........
#..#.........#...#........
##.........................
#.........@......(........#
###......z...###..##.......
##..##..#................
#..#z.##.#..............
##.......#..............
#...z...................
###......(.#..............
#...........#+#.. .####.
#......?.......#.+ #.


You could see 3 wights.

Vanquished Creatures
  An orc wizard (D:3)
  3 gnolls
  2 adders (D:2)
  An adder skeleton (D:4)
  3 worms (D:3)
  4 leopard geckos
  4 orcs (D:3)
  3 giant cockroaches
  7 goblins
  9 hobgoblins
  3 jackals (D:1)
  8 kobolds
  A quokka (D:4)
  7 bats
  5 frilled lizards
  5 rats
66 creatures vanquished.

Notes
Turn   | Place    | Note
-------+----------+-------------------------------------------
     0 | D:1      | BritishOli the Demonspawn Gladiator began the quest for the
                  | Orb.
     0 | D:1      | Reached XP level 1. HP: 16/16 MP: 1/1
   140 | D:1      | Gained mutation: You are partially covered in sharp spines.
                  | [demonic ancestry]
   140 | D:1      | Reached XP level 2. HP: 21/22 MP: 2/2
   706 | D:2      | Found a radiant altar of Vehumet.
   749 | D:2      | Reached skill level 1 in Armour
   749 | D:2      | Reached XP level 3. HP: 24/28 MP: 3/3
  1232 | D:2      | Found a blossoming altar of Fedhas.
  1386 | D:2      | Gained mutation: You are partially covered in yellow
                  | scales. (AC +2) [demonic ancestry]
  1386 | D:2      | Reached XP level 4. HP: 34/34 MP: 4/4
  1436 | D:2      | Found an opulent altar of Gozag.
  1457 | D:2      | Found a hide-covered altar of Uskayaw.
  1460 | D:2      | Found a glowing silver altar of Zin.
  2148 | D:3      | Gained mutation: You are mostly covered in sharp spines.
                  | [demonic ancestry]
  2148 | D:3      | Reached XP level 5. HP: 34/41 MP: 5/5
  2422 | D:4      | Found a staircase to the Ecumenical Temple.
  2511 | D:4      | Slain by a wight

Illustrated notes

Levels and vault maps discovered:
D:1:      lemuel_arrival_lava_pool, layout_basic, wad_floor_pattern_untrapped
D:2:      layout_rooms, nicolae_overflow_crystal_walls, fedhas_altar_2,
          minitemple, nicolae_gozag_cash_rules_everything_around_me
D:3:      layout_loops_ring
D:4:      layout_cave_pools, first_ration, serial_shops,
          nicolae_shop_behind_doors, minmay_close_crescents

Skill      XL: |  1  2  3  4 |
---------------+-------------+-----
Throwing       | 2 |  2.0
Long Blades    | 3 |  3.5
Armour         | 1 |  1.9
Dodging        | 3 |  3.5
Fighting       | 3 |  3.1

Action                   |  1- 3 |  4- 6 || total
-------------------------+-------+-------++-------
Melee: Long sword        |    78 |    74 ||   152
  Eat: Ration            |     1 |     1 ||     2
Armor: Leather armour    |    20 |       ||    20
       Scale mail        |    10 |    30 ||    40
Dodge: Dodged            |    52 |    40 ||    92
       Rpst.: Long sword |    20 |     4 ||    24

Table legend:
 A = Non-vault XP
 B = Vault XP
 C = Vault XP percentage of total XP
 D = Non-vault monster count
 E = Vault monster count
 F = Vault count percentage of total count
                 A         B        C        D         E       F
            +---------+---------+-------+---------+---------+-------
      Total |     232 |       0 |   0.0 |      66 |       0 |   0.0
            +---------+---------+-------+---------+---------+-------
        D:1 |      47 |       0 |   0.0 |      23 |       0 |   0.0
        D:2 |      76 |       0 |   0.0 |      15 |       0 |   0.0
        D:3 |     101 |       0 |   0.0 |      25 |       0 |   0.0
        D:4 |       8 |       0 |   0.0 |       3 |       0 |   0.0
            +---------+---------+-------+---------+---------+-------
